[Event "ICC tourney 2985 (25 5)"]
[Site "Internet Chess Club"]
[Date "2022.08.13"]
[Round "4"]
[White "Jin, Xiaodong:SuperWJ"]
[Black "HE, JUSTIN SHANDONG:HeJustin"]
[Result "1-0"]
[ICCResult "Black resigns"]
[WhiteElo "1592"]
[BlackElo "1329"]
[Opening "Catalan: closed, 6...Nbd7"]
[ECO "E07"]
[NIC "QP.08"]
[Time "15:30:29"]
[PlyCount "75"]
[TimeControl "1500+5"]

1. d4 d5 2. Nf3 e6 3. g3 Nf6 4. Bg2 Be7 5. O-O O-O 6. c4 Nbd7 7. cxd5 exd5
8. Nc3 c6 9. Bg5 Re8 10. Qb3 Ne4 11. Bxe7 Qxe7 12. e3 Ndf6 13. Ne5 Nd2 14.
Qc2 Nxf1 15. Rxf1 Nd7 16. f4 Nxe5 17. fxe5 Qg5 18. Qf2 Be6 19. e4 dxe4 20.
Nxe4 Qg6 21. Nd6 Re7 22. Be4 Qg5 23. h4 Qh5 24. b3 Bh3 25. Re1 Rf8 26. Kh2
Be6 27. Rf1 Qg4 28. Bf5 Bxf5 29. Nxf5 Rd7 30. e6 Rd5 31. e7 Rxf5 32. exf8=Q+
Kxf8 33. Qxf5 Qe2+ 34. Rf2 Qe8 35. Qxh7 Qe3 36. Qf5 Qe8 37. Qh5 Qe6 38. Re2
{Black resigns}
1-0

[Event "ICC tourney 2985 (25 5)"]
[Site "Internet Chess Club"]
[Date "2022.08.13"]
[Round "4"]
[White "QUIRKE, JEFFREY L:PawnEatingZombi"]
[Black "MARKOVIC, GORAN:Goran21"]
[Result "1-0"]
[ICCResult "Black checkmated"]
[WhiteElo "2035"]
[BlackElo "1940"]
[Opening "King's Indian: orthodox, Aronin-Taimanov variation (Yugoslav attack / Mar del Plata variation)"]
[ECO "E97"]
[NIC "KI.08"]
[Time "15:30:30"]
[PlyCount "151"]
[TimeControl "1500+5"]

1. d4 Nf6 2. c4 g6 3. Nc3 Bg7 4. e4 d6 5. Be2 O-O 6. Nf3 e5 7. O-O Nc6 8.
Be3 Re8 9. dxe5 dxe5 10. Qxd8 Rxd8 11. h3 h6 12. Rfd1 Be6 13. a3 Nh5 14. Nd5
Rd7 15. Bf1 Rad8 16. b4 f5 17. b5 Na5 18. Rab1 b6 19. exf5 gxf5 20. Nh4 f4
21. Bd2 Bxd5 22. Bxa5 Be4 23. Rxd7 Rxd7 24. Re1 Bh7 25. Bc3 Bf6 26. Nf3 e4
27. Bxf6 Nxf6 28. Ne5 Rd2 29. Nc6 Ra2 30. Nxa7 Rxa3 31. Nc6 Kg7 32. Rd1 e3
33. fxe3 fxe3 34. Re1 Ne4 35. Nd4 Kf7 36. Be2 Ng3 37. Bf3 h5 38. Bd5+ Ke7
39. Nf3 Kd6 40. h4 e2 41. Kf2 Ne4+ 42. Bxe4 Bxe4 43. Rxe2 Bd3 44. Rd2 Kc5
45. Ne5 Bxc4 46. Nxc4 Kxc4 47. Rd7 Ra7 48. Rh7 Kxb5 49. Rxh5+ c5 50. g4 Kb4
51. g5 c4 52. g6 c3 53. Rh7 Ra8 54. Rc7 Kb3 55. h5 c2 56. h6 Ra2 57. Kf3 Ra1
58. g7 Rg1 59. Rxc2 Kxc2 60. h7 Rxg7 61. h8=Q Rf7+ 62. Ke4 Re7+ 63. Kd5 Rd7+
64. Kc6 Rd3 65. Kxb6 Rb3+ 66. Kc5 Rc3+ 67. Kb4 Rb3+ 68. Kc4 Re3 69. Qh2+ Kd1
70. Kd4 Re2 71. Qg1+ Kd2 72. Qb1 Re1 73. Qb2+ Kd1 74. Kd3 Re2 75. Qxe2+ Kc1
76. Qc2# {Black checkmated} 1-0

[Event "ICC tourney 2985 (25 5)"]
[Site "Internet Chess Club"]
[Date "2022.08.13"]
[Round "4"]
[White "Belous, Vladimir:Openyagami"]
[Black "DINESH, ABINAV:abi2009"]
[Result "1-0"]
[ICCResult "Black resigns"]
[WhiteElo "2569"]
[BlackElo "1637"]
[Opening "English opening"]
[ECO "A20"]
[NIC "EO.24"]
[Time "15:30:31"]
[PlyCount "103"]
[TimeControl "1500+5"]

1. c4 e5 2. g3 Nf6 3. Bg2 c6 4. Nf3 d6 5. O-O Be7 6. Nc3 O-O 7. d3 Nbd7 8.
b4 Rb8 9. b5 a6 10. a4 Nc5 11. d4 exd4 12. Nxd4 axb5 13. axb5 cxb5 14. Ncxb5
Be6 15. Nxe6 fxe6 16. Bf4 e5 17. Be3 Qb6 18. Qd2 Ng4 19. Bxc5 Qxc5 20. Qd5+
Qxd5 21. Bxd5+ Kh8 22. Ra7 Nf6 23. Rc1 Rfc8 24. Rxb7 Rxb7 25. Bxb7 Rc5 26.
e4 g5 27. Kf1 Kg7 28. Ke2 Kf7 29. Kd3 Ng4 30. Ke2 h5 31. h3 Nf6 32. Kd3 Ke6
33. Ra1 Nd7 34. Bd5+ Kf6 35. Ra7 Nb6 36. Rb7 Nxd5 37. exd5 Rc8 38. Rb6 h4
39. Nxd6 Bxd6 40. Rxd6+ Kf7 41. gxh4 gxh4 42. Rh6 Ra8 43. Rxh4 Ra3+ 44. Ke4
Kf6 45. Rh6+ Ke7 46. Kxe5 Rf3 47. Rh7+ Kd8 48. c5 Rxf2 49. c6 Re2+ 50. Kd6
Ke8 51. c7 Rc2 52. c8=Q+ {Black resigns} 1-0

[Event "ICC tourney 2985 (25 5)"]
[Site "Internet Chess Club"]
[Date "2022.08.13"]
[Round "4"]
[White "GU, MINGHAO:mancogu"]
[Black "LOCHAM, DIVJOT SINGH:winner08"]
[Result "1-0"]
[ICCResult "Black checkmated"]
[WhiteElo "1727"]
[BlackElo "1750"]
[Opening "Ruy Lopez: Exchange variation doubly deferred (DERLD)"]
[ECO "C85"]
[NIC "RL.14"]
[Time "15:30:29"]
[PlyCount "165"]
[TimeControl "1500+5"]

1. e4 e5 2. Nf3 Nc6 3. Bb5 a6 4. Ba4 Nf6 5. O-O Be7 6. Bxc6 dxc6 7. h3 Nxe4
8. Re1 Nf6 9. Nxe5 O-O 10. d4 c5 11. Be3 Nd5 12. c3 Nxe3 13. fxe3 cxd4 14.
exd4 Bh4 15. Rf1 c5 16. Nf3 Be7 17. Nbd2 Qb6 18. Qb3 Qxb3 19. Nxb3 cxd4 20.
Nbxd4 Bc5 21. Kh1 Re8 22. Rfe1 Bd7 23. Kg1 f6 24. Kf2 Kf7 25. Rxe8 Rxe8 26.
Re1 Rxe1 27. Kxe1 Kg6 28. Ke2 Kh5 29. g4+ Kg6 30. b4 Bb6 31. Ke3 Bc6 32. Kf4
Bc7+ 33. Ke3 Bd5 34. a4 Bc4 35. Nd2 Bd5 36. N2f3 Bxf3 37. Kxf3 Be5 38. Ne2
Kg5 39. c4 Kh4 40. Kg2 Bd6 41. c5 Be5 42. b5 axb5 43. axb5 h5 44. gxh5 Kxh5
45. c6 bxc6 46. bxc6 Kh4 47. Nd4 Bb8 48. Nf5+ Kg5 49. Nxg7 f5 50. c7 Bxc7
51. Ne6+ Kh4 52. Nxc7 f4 53. Nd5 f3+ 54. Kh2 f2 55. Ne3 Kh5 56. Kg2 Kh4 57.
Nf1 Kg5 58. Kxf2 Kh4 59. Kg2 Kg5 60. Kg3 Kh5 61. h4 Kg6 62. Ne3 Kh5 63. Nd5
Kg6 64. Kg4 Kh6 65. Nf6 Kg6 66. Ne4 Kh6 67. h5 Kg7 68. Kg5 Kh7 69. Nf6+ Kg7
70. h6+ Kh8 71. Nh5 Kh7 72. Ng3 Kg8 73. Kg6 Kh8 74. Ne4 Kg8 75. Nd6 Kh8 76.
Nf7+ Kg8 77. h7+ Kf8 78. h8=Q+ Ke7 79. Qf6+ Kd7 80. Qd6+ Kc8 81. Qe7 Kb8 82.
Nd6 Ka8 83. Qb7# {Black checkmated} 1-0

[Event "ICC tourney 2985 (25 5)"]
[Site "Internet Chess Club"]
[Date "2022.08.13"]
[Round "4"]
[White "REDDY, SATVIK:chesslead"]
[Black "Mitrabha, Guha:babysnake"]
[Result "1-0"]
[ICCResult "Black resigns"]
[WhiteElo "2212"]
[BlackElo "2521"]
[Opening "Caro-Kann: Panov-Botvinnik attack"]
[ECO "B13"]
[NIC "CK.03"]
[Time "15:30:38"]
[PlyCount "131"]
[TimeControl "1500+5"]

1. e4 c6 2. d4 d5 3. exd5 cxd5 4. c4 Nf6 5. Nc3 Nc6 6. Nf3 Be6 7. c5 g6 8.
Bb5 Bg7 9. Ne5 Rc8 10. Qa4 Bd7 11. O-O O-O 12. f4 a6 13. Bxc6 Bxc6 14. Qc2
Nd7 15. Be3 f6 16. Nd3 e5 17. Rad1 a5 18. a3 e4 19. Ne1 f5 20. b4 b5 21. Qa2
Nf6 22. Bf2 Ra8 23. Qb3 a4 24. Qa2 Qd7 25. Be3 h6 26. Qe2 Kh7 27. Qa2 Ne8
28. Qe2 Nc7 29. Nc2 Ne6 30. g3 Qe8 31. h4 g5 32. hxg5 hxg5 33. fxg5 Kg6 34.
Qf2 Qe7 35. Kg2 Nxg5 36. Bxg5 Qxg5 37. Qe3 Qf6 38. Ne2 Bh6 39. Nf4+ Kf7 40.
Qe2 Rg8 41. Qh5+ Ke7 42. Ne3 Rxg3+ 43. Kxg3 Rg8+ 44. Kf2 Bxf4 45. Qxf5 Bxe3+
46. Kxe3 Rg3+ 47. Ke2 Rg2+ 48. Ke1 Qh4+ 49. Rf2 Qg3 50. Qf6+ Kd7 51. Qf4
Qxf4 52. Rxf4 Ke6 53. Rf2 Rg3 54. Ra1 Be8 55. Kf1 Bh5 56. Rg2 Rc3 57. Rg5
Bf3 58. Re5+ Kf6 59. Rxd5 Rc2 60. Re5 Rd2 61. c6 e3 62. c7 Rf2+ 63. Ke1 Re2+
64. Kd1 Ra2+ 65. Kc1 Rxa1+ 66. Kb2 {Black resigns} 1-0

[Event "ICC tourney 2985 (25 5)"]
[Site "Internet Chess Club"]
[Date "2022.08.13"]
[Round "5"]
[White "MARKOVIC, GORAN:Goran21"]
[Black "JIANG, ANDREW:K05-16091063"]
[Result "0-1"]
[ICCResult "White checkmated"]
[WhiteElo "1940"]
[BlackElo "2014"]
[Opening "Ruy Lopez: exchange variation, 5.O-O"]
[ECO "C68"]
[NIC "RL.08"]
[Time "17:00:29"]
[PlyCount "78"]
[TimeControl "1500+5"]

1. e4 e5 2. Nf3 Nc6 3. Bb5 a6 4. Bxc6 dxc6 5. O-O Bd6 6. d4 exd4 7. Qxd4 f6
8. Rd1 Be6 9. Nc3 Ne7 10. Qd3 Ng6 11. h3 Qe7 12. Nd4 O-O-O 13. Qe2 Rhe8 14.
Be3 Bd7 15. a3 c5 16. Nf5 Bxf5 17. exf5 Qe5 18. Qg4 Qh2+ 19. Kf1 Nf4 20. Ke1
Nxg2+ 21. Kf1 Nxe3+ 22. fxe3 Bg3 23. Qf3 Qxh3+ 24. Ke2 Qh2+ 25. Kf1 Rxd1+
26. Rxd1 c4 27. Rd4 Be5 28. Rxc4 Qxc2 29. Qh5 Qd3+ 30. Kf2 Qd2+ 31. Ne2 Bg3+
32. Kxg3 Qxe3+ 33. Qf3 Qxe2 34. Qf4 Re3+ 35. Kh4 Qe1+ 36. Kg4 Qg1+ 37. Kh4
Qh1+ 38. Kg4 Qg2+ 39. Kh4 Rh3# {White checkmated} 0-1

[Event "ICC tourney 2985 (25 5)"]
[Site "Internet Chess Club"]
[Date "2022.08.13"]
[Round "5"]
[White "LOCHAM, DIVJOT SINGH:winner08"]
[Black "HO, COOPER:arsenicblast"]
[Result "1-0"]
[ICCResult "Black resigns"]
[WhiteElo "1750"]
[BlackElo "1893"]
[Opening "Sicilian defense"]
[ECO "B40"]
[NIC "SI.43"]
[Time "17:01:26"]
[PlyCount "57"]
[TimeControl "1500+5"]

1. e4 c5 2. Nf3 e6 3. c3 d5 4. exd5 Qxd5 5. d4 Nf6 6. Na3 Nc6 7. Bc4 Qe4+ 8.
Qe2 Qxe2+ 9. Kxe2 a6 10. Rd1 b5 11. Bd3 cxd4 12. cxd4 Bxa3 13. bxa3 O-O 14.
Be3 Bb7 15. Rac1 Rac8 16. h3 Nd5 17. Ng5 h6 18. Ne4 Rc7 19. Nc5 Rfc8 20. Rc2
e5 21. Nxb7 exd4 22. Rxc6 dxe3 23. Rxc7 Rxc7 24. Kf3 Rxb7 25. Be4 e2 26.
Rxd5 f5 27. Rd8+ Kf7 28. Bd5+ Ke7 29. Kxe2 {Black resigns} 1-0

[Event "ICC tourney 2985 (25 5)"]
[Site "Internet Chess Club"]
[Date "2022.08.13"]
[Round "5"]
[White "DINESH, ABINAV:abi2009"]
[Black "HO, CARTER:corviknight"]
[Result "0-1"]
[ICCResult "White resigns"]
[WhiteElo "1637"]
[BlackElo "2012"]
[Opening "Sicilian: Anderssen variation"]
[ECO "B41"]
[NIC "SI.41"]
[Time "17:00:15"]
[PlyCount "62"]
[TimeControl "1500+5"]

1. e4 c5 2. Nf3 e6 3. d4 cxd4 4. Nxd4 Nf6 5. Nc3 Nc6 6. Nxc6 bxc6 7. Bd3 d5
8. e5 Nd7 9. Qe2 Qc7 10. f4 Qb6 11. f5 Nc5 12. a3 Nxd3+ 13. Qxd3 exf5 14.
Be3 Qxb2 15. O-O Qb7 16. Rab1 Qa6 17. Qd2 Be6 18. Ne2 c5 19. Nf4 d4 20. Nxe6
fxe6 21. Bg5 h6 22. Bh4 g5 23. Bxg5 hxg5 24. Qxg5 Be7 25. Qg7 Kd7 26. Qg3
Rab8 27. Rbd1 Qe2 28. Rde1 Qxc2 29. Kh1 Qb3 30. Rf3 Qd5 31. Qg6 Qe4
{White resigns}
0-1

[Event "ICC tourney 2985 (25 5)"]
[Site "Internet Chess Club"]
[Date "2022.08.13"]
[Round "5"]
[White "Jin, Xiaodong:SuperWJ"]
[Black "GU, MINGHAO:mancogu"]
[Result "1-0"]
[ICCResult "Black resigns"]
[WhiteElo "1592"]
[BlackElo "1727"]
[Opening "Queen's pawn game"]
[ECO "E10"]
[NIC "QI.01"]
[Time "16:59:54"]
[PlyCount "101"]
[TimeControl "1500+5"]

1. d4 Nf6 2. c4 e6 3. Nf3 d5 4. cxd5 exd5 5. Nc3 Be7 6. g3 c6 7. Bg2 O-O 8.
O-O Nbd7 9. Ne5 Nxe5 10. dxe5 Nd7 11. f4 d4 12. Ne4 Nc5 13. Nxc5 Bxc5 14.
Qc2 Bb6 15. Kh1 Be6 16. b3 Bd5 17. Be4 Bxe4+ 18. Qxe4 Qe7 19. a4 Rfe8 20.
Ba3 Bc5 21. Bxc5 Qxc5 22. Rfd1 Rad8 23. Rd3 Qd5 24. Qxd5 Rxd5 25. Rad1 Red8
26. Kg2 Kf8 27. Kf3 Ke7 28. Ke4 g6 29. Rxd4 Rxd4+ 30. Rxd4 Rc8 31. Kd3 c5
32. Rd5 b6 33. e4 Rc6 34. Kc4 a6 35. f5 f6 36. e6 Rc7 37. g4 g5 38. h3 h6
39. e5 fxe5 40. Rxe5 Rb7 41. Kd5 Rc7 42. Re4 b5 43. axb5 axb5 44. Ke5 c4 45.
bxc4 bxc4 46. f6+ Ke8 47. Kd6 Rc8 48. f7+ Kf8 49. Kd7 Ra8 50. e7+ Kxf7 51.
e8=Q+ {Black resigns} 1-0

[Event "ICC tourney 2985 (25 5)"]
[Site "Internet Chess Club"]
[Date "2022.08.13"]
[Round "5"]
[White "Belous, Vladimir:Openyagami"]
[Black "Volkov, Sergey:Volkov"]
[Result "1-0"]
[ICCResult "Black resigns"]
[WhiteElo "2569"]
[BlackElo "2540"]
[Opening "English: Caro-Kann defensive system"]
[ECO "A11"]
[NIC "EO.64"]
[Time "16:59:54"]
[PlyCount "131"]
[TimeControl "1500+5"]

1. c4 c6 2. Nf3 d5 3. e3 Nf6 4. b3 Bf5 5. Bb2 e6 6. Nc3 Nbd7 7. Be2 h6 8.
O-O a6 9. d3 Bh7 10. e4 dxe4 11. dxe4 Nxe4 12. Nxe4 Bxe4 13. Nd4 Nf6 14. Bh5
Nxh5 15. Qxh5 Qg5 16. Qh3 Be7 17. Rae1 Qg6 18. f3 Bd3 19. Nxe6 fxe6 20. Rxe6
Bf5 21. Rxg6 Bxh3 22. Re1 Rg8 23. gxh3 Kf7 24. Rge6 Bc5+ 25. Kg2 Rad8 26.
R1e2 Rd2 27. Rxd2 Kxe6 28. f4 g6 29. Kf3 Be7 30. Ke4 Rd8 31. Rg2 Kf7 32. f5
gxf5+ 33. Kxf5 Bf8 34. h4 Rd1 35. h5 Rf1+ 36. Kg4 Bg7 37. Bxg7 Kxg7 38. Rd2
Rg1+ 39. Kf5 Rg5+ 40. Ke6 Rxh5 41. Kd6 c5 42. Kc7 b5 43. Kb6 b4 44. Kxa6 Kf6
45. Kb5 Ke6 46. Kc6 Ke7 47. Re2+ Kf6 48. Kd6 Kf7 49. Rd2 Kf6 50. Rf2+ Kg6
51. Ke6 Rg5 52. h4 Rg4 53. Kd5 Kh5 54. Kxc5 Kxh4 55. Rh2+ Kg5 56. Kxb4 h5
57. a4 h4 58. a5 Rg1 59. Kc5 Kg4 60. Ra2 h3 61. a6 Rg2 62. Ra1 h2 63. a7 Rg1
64. a8=Q h1=Q 65. Qxh1 Rg2 66. Qxg2+ {Black resigns} 1-0

[Event "ICC tourney 2985 (25 5)"]
[Site "Internet Chess Club"]
[Date "2022.08.13"]
[Round "5"]
[White "Nguyen, Hoa Duc:leoman"]
[Black "REDDY, SATVIK:chesslead"]
[Result "0-1"]
[ICCResult "White forfeits on time"]
[WhiteElo "2469"]
[BlackElo "2212"]
[Opening "QGD Slav: 3.Nf3"]
[ECO "D11"]
[NIC "SL.01"]
[Time "17:02:02"]
[PlyCount "122"]
[TimeControl "1500+5"]

1. d4 d5 2. c4 c6 3. Nf3 Nf6 4. Qb3 e6 5. g3 Bd6 6. Bg2 O-O 7. O-O Nbd7 8.
Rd1 Qe7 9. Nc3 Rd8 10. Nd2 a5 11. e4 e5 12. dxe5 Nxe5 13. exd5 Bg4 14. Re1
Bc5 15. Nce4 Bd4 16. Nxf6+ Qxf6 17. Ne4 Qf5 18. Bf4 cxd5 19. Bxe5 dxc4 20.
Qxc4 Qxe5 21. h3 Be6 22. Qe2 Rac8 23. Kh2 Bxb2 24. Rab1 Bc3 25. Nxc3 Qxc3
26. Rec1 Qd2 27. Rxc8 Bxc8 28. Qe7 h6 29. Rb2 Qd4 30. Bxb7 Be6 31. Re2 Bc4
32. Rc2 Be6 33. Bf3 Rd7 34. Qa3 Qd3 35. Rc8+ Kh7 36. Qxd3+ Rxd3 37. Be4+ g6
38. Bxd3 Bxc8 39. h4 Kg7 40. Kg2 Kf6 41. Kf3 Ke5 42. Ke3 Be6 43. a3 g5 44.
f4+ gxf4+ 45. gxf4+ Kf6 46. Kd4 Bf5 47. Be2 Bb1 48. Bg4 Bf5 49. Bh5 Bb1 50.
Kc5 Ba2 51. Kb5 Kf5 52. Kxa5 Kxf4 53. Kb6 Kg3 54. Kc5 Kxh4 55. Be2 Bb3 56.
Bc4 Bxc4 57. Kxc4 f5 58. Kd3 f4 59. Ke2 Kg3 60. a4 Kg2 61. a5 f3+
{White forfeits on time}
0-1